 Dungeon Crawl Stone Soup version 0.31.0-11-ge490571c62 (webtiles) character file.

Game seed: 3626777765998818195

5 seu1023 the Caller (level 1, -1/10 HPs)
             Began as a Deep Elf Summoner on Jan 26, 2024.
             Slain by a jackal (3 damage)
             ... on level 1 of the Dungeon.
             The game lasted 00:01:51 (174 turns).

seu1023 the Caller (Deep Elf Summoner)               Turns: 174, Time: 00:01:52

Health: -1/10      AC:  2    Str:  5    XL:     1   Next: 66%
Magic:  6/6        EV: 12    Int: 19    God:
Gold:   0          SH:  0    Dex: 15    Spells: 5/6 levels left

rFire   . . .        (no weapon)
rCold   . . .        (no shield)
rNeg    . . .        a - +0 robe
rPois   .            (no helmet)
rElec   .            (no cloak)
rCorr   .            (no gloves)
SInv    .            (no boots)
Will    .....        (no amulet)
Stlth   ++           (no ring)
HPRegen 0.21/turn    (no ring)
MPRegen 0.10/turn

%: no passive effects
@: studying Ranged Weapons
A: no striking features
a: no special abilities


You were on level 1 of the Dungeon.
You visited 1 branch of the dungeon, and saw 1 of its levels.

Inventory:

Armour
 a - a +0 robe (worn)
Potions
 b - a potion of magic


   Skills:
 - Level 2.4 Dodging
 - Level 2.4 Stealth
 * Level 3.4 Spellcasting
 + Level 4.5 Summonings


You had 5 spell levels left.
You knew the following spells:

 Your Spells              Type           Power      Damage    Failure   Level
a - Summon Small Mammal   Summ           80%        N/A       2%          1

Your spell library contained the following spells:

 Spells                   Type           Power      Damage    Failure   Level
 Call Imp                 Summ           40%        N/A       3%          2
 Call Canine Familiar     Summ           20%        N/A       7%          3
 Mercury Vapours          Alch/Air       6%         N/A       22%         2
 Mephitic Cloud           Conj/Alch/Air  3%         N/A       41%         3
 Summon Blazeheart Golem  Fire/Summ      11%        N/A       50%         4
 Summon Lightning Spire   Summ/Air       11%        N/A       50%         4
 Freezing Cloud           Conj/Ice/Air   1%         6-21      99%         5


Dungeon Overview and Level Annotations

Branches:
Dungeon (1/15)

Altars:


Message History

An endoplasm comes into view.
The endoplasm quivers.
Your bat hits the bat but does no damage.
The bat hits you but does no damage.
Your bat hits the bat but does no damage.
Your bat barely misses the bat.
The bat hits you. The jackal closely misses your bat.
Your bat hits the bat but does no damage.
The bat barely misses you. The jackal bites your bat. The bat hits you.
Your bat completely misses the bat.
The bat closely misses you.
Your bat hits the jackal but does no damage.
The bat barely misses you.
Your bat closely misses the bat.
You swap places.
The bat barely misses you. The jackal completely misses you.
Your bat hits the bat. The jackal bites your bat.
Your bat dies!
Your bat's corpse disappears in a puff of smoke!
The jackal barely misses you. The bat barely misses you.
The jackal barely misses you. The bat closely misses you. The jackal bites you.
The jackal closely misses you.
You hit the bat.
You kill the bat!
The jackal bites you. The jackal closely misses you. The jackal misses you.
The jackal bites you but does no damage.
You see here a bat corpse.
The jackal attacks as it pursues you! The jackal barely misses you.
The endoplasm closely misses you. The jackal bites you. The jackal misses you.
The jackal closely misses you.
The endoplasm attacks as it pursues you!
The endoplasm hits you.
The endoplasm attacks as it pursues you!
The endoplasm hits you. The jackal attacks as it pursues you!
The jackal barely misses you. The endoplasm barely misses you.
The jackal misses you. The jackal barely misses you. The jackal bites you.
* * * LOW HITPOINT WARNING * * *
The jackal bites you.
You die...

#.# #.###♣~~~♣♣~~~♣♣~~~♣♣
#.#### #...#♣.^.♣..^.♣♣.^..
#....# #...#♣...♣P..P ♣P.P
#....###..†#♣♣.♣♣♣♣.♣♣♣♣.♣♣♣♣♣♣
#..........# ♣..♣♣P.......♣P.~P
########...###..♣♣..........^~~
#...........P.......♣P.~P
#......hJ.......<...♣♣♣♣♣
#.#.)..h@...........♣P.~~
#.#.####.P♣♣P.........^~~ #.#.#
♣.P♣♣........♣P.~~ b.......#.#
♣.♣♣♣♣.♣♣♣♣.♣♣♣♣♣♣ ...>....#.#
...♣P..P♣♣..PP♣ #######.#.#
♣.^.♣..^.♣♣.^..♣ #.#..
~~~♣♣~~~♣♣~~~♣♣ #.##.
♣P~~♣♣~~P♣♣~~P♣ #.. .
♣♣8♣♣♣♣8♣♣


You could see an endoplasm and 2 jackals.

Vanquished Creatures
  A goblin (D:1)
  A bat (D:1)
2 creatures vanquished.

Vanquished Creatures (collateral kills)
  A jackal (D:1)
  A quokka (D:1)
  A bat (D:1)
3 creatures vanquished.

Grand Total: 5 creatures vanquished

Notes
Turn   | Place    | Note
-------+----------+-------------------------------------------
     0 | D:1      | seu1023 the Deep Elf Summoner began the quest for the Orb.
     0 | D:1      | Reached XP level 1. HP: 10/10 MP: 6/6
   174 | D:1      | Slain by a jackal

Illustrated notes

Levels and vault maps discovered:
D:1:      psy_arrival_wood_between_worlds, layout_basic

Action                     || total
---------------------------++-------
  Melee: Unarmed           ||     8
   Cast: Summon Small Mamm ||    10
 Armour: Robe              ||    25
  Dodge: Dodged            ||    40
